 Dungeon Crawl Stone Soup version 0.24.1-14-gf8d2b509d9 (webtiles) character file.

Game seed: 15398684987250946880, levelgen mode: deterministic

125 Peloso the Slasher (level 4, 0/17 HPs)
             Began as a Vampire Fighter on May 26, 2020.
             Slain by a ball python (1 damage)
             ... on level 4 of the Dungeon.
             The game lasted 00:06:19 (3313 turns).

Peloso the Slasher (Vampire Fighter)                Turns: 3313, Time: 00:06:20

Health: 0/17       AC: 10    Str: 16    XL:     4   Next: 82%
Magic:  4/4        EV:  1    Int: 10    God:
Gold:   109        SH:  9    Dex: 13    Spells: 3/3 levels left

rFire    . . .     SeeInvis +   a - +0 long sword
rCold    + + .     Gourm    .   c - +0 shield
rNeg     + + +     Faith    .   k - +0 chain mail
rPois    ∞         Spirit   .   (no helmet)
rElec    .         Reflect  .   (no cloak)
rCorr    .         Harm     .   h - +0 pair of gloves
MR       .....                  (no boots)
Stlth    ..........             (no amulet)
HPRegen  0.00/turn              (no ring)
MPRegen  0.09/turn              (no ring)

@: bloodless, constricted
A: no food, fangs 3, see invisible, [frail 3], unbreathing
a: Bat Form, Revivify


You were on level 4 of the Dungeon.
You were bloodless.

You visited 1 branch of the dungeon, and saw 4 of its levels.

You collected 109 gold pieces.

Inventory:

Hand Weapons
 a - a +0 long sword (weapon)
 b - a +1 vampiric whip
Armour
 c - a +0 shield (worn)
 h - a +0 pair of gloves (worn)
 k - a +0 chain mail (worn)
Scrolls
 f - 3 scrolls of remove curse {unknown}
 g - a scroll of immolation {unknown}
 j - 2 scrolls of identify {unknown}
 l - a scroll of enchant weapon {unknown}
Potions
 d - a potion of might
 e - a potion of curing
 i - a potion of degeneration {unknown}


   Skills:
 + Level 3.2 Fighting
 + Level 3.5 Long Blades
 + Level 2.8 Armour
 + Level 0.9 Dodging
 + Level 3.3 Shields


You had 3 spell levels left.
You didn't know any spells.
Your spell library was empty.

Dungeon Overview and Level Annotations

Branches:
Dungeon (4/15)
 Temple: D:4-7

Altars:
Makhleb
Qazlal
Ru
Zin


Innate Abilities, Weirdness & Mutations

You do not eat.
You do not regenerate when monsters are visible.
You are frail without blood (-20% HP).
You can heal yourself when you bite living creatures.
You are immune to poison.
You have razor-sharp teeth.
You have supernaturally acute eyesight. (SInv)
You can survive without breathing.
[You are extremely frail. (-30% HP)]


Message History

The ball python constricts you.
The giant cockroach bites you but does no damage.
The rat bites you but does no damage.
Unknown command.
The ball python's grasp on you weakens, but your attempt to escape fails.
The ball python bites you but does no damage.
The ball python constricts you.
The giant cockroach bites you but does no damage.
The rat bites you.
* * * LOW HITPOINT WARNING * * *
The river rat bites you but does no damage.
Unknown command.
The ball python's grasp on you weakens, but your attempt to escape fails.
You block the ball python's attack.
* * * LOW HITPOINT WARNING * * *
The ball python constricts you. The rat bites you but does no damage.
The giant cockroach bites you but does no damage.
The rat bites you but does no damage.
The ball python bites you but does no damage.
You die...

### #.. .. ..#
#####..##
#r@S#...###
#srr.......
#Sr..>...%....
##.....#.......
#...............
##...............
#.............)..
#..##............
#..#...........#


You could see a river rat, a giant cockroach, 2 ball pythons and 3 rats.

Vanquished Creatures
  6 adders
  A river rat (D:4)
  An ooze (D:3)
  An adder skeleton (D:4)
  A worm (D:2)
  A dart slug (D:2)
  A leopard gecko (D:1)
  2 giant cockroaches (D:1)
  8 goblins
  5 hobgoblins
  4 jackals (D:2)
  7 kobolds
  A ball python (D:4)
  A bat (D:2)
  5 frilled lizards
  5 rats
50 creatures vanquished.

Notes
Turn   | Place    | Note
-------+----------+-------------------------------------------
     0 | D:1      | Peloso the Vampire Fighter began the quest for the Orb.
     0 | D:1      | Reached XP level 1. HP: 17/17 MP: 1/1
   245 | D:1      | Reached XP level 2. HP: 22/23 MP: 2/2
   944 | D:2      | Reached XP level 3. HP: 23/23 MP: 3/3
  1096 | D:2      | Found a burning altar of Makhleb.
  1106 | D:2      | Found a glowing silver altar of Zin.
  1106 | D:2      | Noticed an angel
  1107 | D:2      | Noticed a blizzard demon
  1238 | D:2      | Found a sacrificial altar of Ru.
  1564 | D:3      | Reached XP level 4. HP: 27/28 MP: 4/4
  1737 | D:3      | Found a stormy altar of Qazlal.
  3313 | D:4      | Slain by a ball python

Levels and vault maps discovered:
D:1:      eino_arrival_druids_welcome, layout_basic
D:2:      mumra_celtic_spiral_tile, layout_basic,
          grunt_temple_overflow_order_and_chaos_2, old_standard_altar
D:3:      layout_loops_ring, nicolae_qazlal_general_emergency, minivault_5
D:4:      layout_cave_pools, kiku_gazebo_garden_becter, lemuel_crystal_altar,
          portal_sewer_entry_b, serial_shops, kennysheep_mini,
          cheibriados_altar_1

Skill      XL: |  1  2  3 |
---------------+----------+-----
Fighting       | 3 |  3.2
Shields        | 3 |  3.3
Long Blades    | 3 |  3.5
Armour         | |  2.8
Dodging        | |  0.9

Action                   |  1- 3 |  4- 6 || total
-------------------------+-------+-------++-------
Melee: Long sword        |   114 |    74 ||   188
       Bite              |     7 |     7 ||    14
 Abil: Exsanguinate      |     1 |    11 ||    12
       Revivify          |       |    11 ||    11
  Use: Potion            |     2 |       ||     2
       Scroll            |     1 |       ||     1
Armor: Scale mail        |    16 |       ||    16
       Chain mail        |    61 |    70 ||   131
Dodge: Dodged            |    18 |    15 ||    33
Block: Shield            |    56 |    44 ||   100
       Rpst.: Long sword |     6 |     4 ||    10
